Map: 瑟拉斯废墟

Players

shengy - Winner!

  • Race: Zerg Zerg
  • League: Platinum

TheQuenster

  • Race: Terran Terran
  • League: Platinum

VOD

Have the link to the VOD?

Description

Time

  • Played on: Dec. 26, 2015, 4:46 p.m.
  • Length: 3:38
Show
View Real Time Build Order
Export as new Build Order

shengy Zerg - Winner!

Build Orders: Pool Only 

Get SALT Encoding   

  12  0:01  Drone  
  13  0:23  Spawning Pool  
  13  0:26  Extractor  
  11  0:29  Drone  
  12  0:36  Drone  
  12  0:39  Drone  
  14  0:52  Overlord  
  14  1:09  Queen  
  16  1:11  Zergling x2  
  16  1:16  Zergling x2  
  18  1:23  Zergling x2  
  19  1:26  Zergling x2  
  20  1:36  Metabolic Boost  
  20  1:42  Zergling x2  
  21  1:51  Overlord  
  21  2:04  Baneling Nest  
  21  2:06  Zergling x2  
  21  2:21  Zergling x6  
  24  2:36  Zergling x4  
  26  2:48  Baneling  
  26  2:49  Baneling x4  
  26  2:57  Baneling  
  26  3:02  Zergling x2  
  26  3:03  Zergling x4  
  29  3:12  Zergling x2  
  30  3:18  Overlord  
Show
View Real Time Build Order
Export as new Build Order

TheQuenster Terran 

Build Orders: Reaper Expand 

Get SALT Encoding   

  12  0:01  SCV  
  13  0:14  SCV  
  13  0:20  Supply Depot  
  14  0:26  SCV  
  15  0:41  SCV  
  15  0:42  Barracks  
  16  0:46  Refinery  
  16  0:53  SCV  
  17  1:05  SCV  
  18  1:17  SCV  
  19  1:30  Reaper  
  20  1:33  Orbital Command  
  20  1:44  Command Center  
  20  1:56  Supply Depot  
  20  1:58  SCV  
  21  2:03  Barracks Reactor  
  21  2:10  SCV  
  22  2:23  SCV  
  22  2:26  Refinery  
  23  2:32  Factory  
  23  2:35  SCV  
  24  2:41  Marine x2  
  26  2:47  SCV  
  27  2:56  Orbital Command  
  27  2:59  SCV  
  27  3:01  Marine x2  
  30  3:11  SCV  
Tags
 
Add a new tag
Caveats
  • Supply blocks, unpowered buildings, or Contaminate may cause inaccurate times.
  • Supply counts are checked every 10 seconds.